 Dungeon Crawl Stone Soup version 0.23.2-1-ga50397a6bc (webtiles) character file.

Game seed: 12367895542390045290

37 Jukra the Skirmisher (level 3, 0/29 HPs)
             Began as a Demonspawn Abyssal Knight on May 19, 2019.
             Was a Follower of Lugonu.
             Slain by a gnoll
             ... wielding a +0 flail
              (7 damage)
             ... on level 2 of the Dungeon.
             The game lasted 00:03:33 (1390 turns).

Jukra the Skirmisher (Demonspawn Abyssal Knight)    Turns: 1390, Time: 00:03:34

Health: 0/29       AC:  8    Str: 13    XL:     3   Next: 21%
Magic:  4/4        EV: 10    Int: 17    God:    Lugonu [*.....]
Gold:   75         SH:  0    Dex: 12    Spells: 2/2 levels left

rFire    . . .     SeeInvis .   a - +1 hand axe
rCold    . . .     Gourm    .   (no shield)
rNeg     . . .     Faith    .   h - +0 ring mail
rPois    .         Spirit   .   (no helmet)
rElec    .         Reflect  .   (no cloak)
rCorr    .         Harm     .   i - +0 pair of gloves
MR       .....                  (no boots)
Stlth    +.........             (no amulet)
HPRegen  0.09/turn              f - +4 ring of intelligence
MPRegen  0.09/turn              (no ring)

@: no status effects
A: claws 1, iridescent scales 1
a: Depart the Abyss, Renounce Religion


You were on level 2 of the Dungeon.
You worshipped Lugonu.
Lugonu was aware of your devotion.
You were hungry.

You visited 1 branch of the dungeon, and saw 2 of its levels.
You visited the Abyss 1 time.

You collected 75 gold pieces.

Inventory:

Hand Weapons
 a - a +1 hand axe (weapon)
Armour
 b - a +0 leather armour
 h - a +0 ring mail (worn)
 i - a +0 pair of gloves (worn)
Jewellery
 f - a +4 ring of intelligence (left hand)
Scrolls
 d - a scroll of enchant weapon {unknown}
 e - 2 scrolls of amnesia {unknown}
 k - a scroll of identify {unknown}
 l - a scroll of immolation {unknown}
Potions
 g - a potion of curing
 j - a potion of might {unknown}
Comestibles
 c - 3 rations


   Skills:
 + Level 3.5 Fighting
 + Level 2.0 Axes
 + Level 2.5 Armour
 + Level 0.8 Dodging
 + Level 0.4 Stealth
 + Level 2.4 Invocations


You had 2 spell levels left.
You didn't know any spells.
Your spell library was empty.

Dungeon Overview and Level Annotations

Branches:
Dungeon (2/15)

Altars:


Innate Abilities, Weirdness & Mutations

You have sharp fingernails.
You are partially covered in iridescent scales. (AC +2)


Message History

You are held in a net!
You tear a large gash into the net.
The gnoll hits you.
You shred the net and break free! The gnoll hits you.
You hit the gnoll.
The gnoll is heavily wounded.
You hit the gnoll. The gnoll hits you but does no damage.
The gnoll barely misses you.
You hit the gnoll but do no damage.
The gnoll is heavily wounded.
You barely miss the gnoll. The gnoll hits you with a +0 flail!
* * * LOW HITPOINT WARNING * * *
The gnoll barely misses you.
You hit the gnoll but do no damage.
The gnoll is heavily wounded.
You hit the gnoll. The gnoll barely misses you. The gnoll misses you.
The gnoll hits you but does no damage.
You closely miss the gnoll.
The gnoll is heavily wounded.
You hit the gnoll but do no damage. The gnoll hits you with a +0 flail!
You die...

.# ##.# ##
#.## #.<#
##.## # #..###
.# ##..)###
###...
###...###.....
###.#...#
#..@g#
#...g..#
#..####.# #.##
# #? #. #.


You could see 2 gnolls.

Vanquished Creatures
  An adder (D:2)
  A worm (D:2)
  2 giant cockroaches (D:2)
  5 goblins (D:1)
  4 hobgoblins (D:1)
  5 kobolds
  A bat (D:2)
  2 frilled lizards (D:1)
  2 rats (D:1)
23 creatures vanquished.

Notes
Turn   | Place    | Note
-------+----------+-------------------------------------------
     0 | Abyss:1  | Jukra the Demonspawn Abyssal Knight began the quest for the
                  | Orb.
     0 | Abyss:1  | Reached XP level 1. HP: 18/18 MP: 2/2
    78 | Abyss:1  | Noticed an iron imp
    80 | Abyss:1  | Noticed a large abomination
    82 | D:1      | Escaped the Abyss
   165 | D:1      | Reached * piety under Lugonu
   308 | D:1      | Gained mutation: You are partially covered in iridescent
                  | scales. (AC +2) [demonic ancestry]
   308 | D:1      | Reached XP level 2. HP: 15/24 MP: 3/3
  1130 | D:2      | Gained mutation: You have sharp fingernails. [demonic
                  | ancestry]
  1130 | D:2      | Reached XP level 3. HP: 27/29 MP: 4/4
  1390 | D:2      | Slain by a gnoll

Skill      XL: |  1  2 |
---------------+-------+-----
Armour         | 2 |  2.5
Axes           | 2 |  2.0
Fighting       | |  3.5
Dodging        | |  0.8
Stealth        | |  0.4
Invocations    | |  2.4

Action                   || total
-------------------------++-------
Melee: Hand axe          ||    92
Invok: Depart the Abyss  ||     1
  Use: Potion            ||     3
  Eat: Chunk             ||     1
Armor: Ring mail         ||    38
       Leather armour    ||     3
Dodge: Dodged            ||    46
